 Dungeon Crawl Stone Soup version 0.19-a0-680-gdf79c29 (webtiles) character file.

6 Folque01 the Grave Robber (level 1, -1/14 HPs)
             Began as a Vampire Necromancer on June 17, 2016.
             Slain by Terence
             ... wielding a +2 mace of holy wrath
              (5 damage)
             ... on level 2 of the Dungeon.
             The game lasted 00:05:18 (232 turns).

Folque01 the Grave Robber (Vampire Necromancer)      Turns: 232, Time: 00:05:19

Health: -1/14      AC:  2    Str:  7    XL:     1   Next: 75%
Magic:  1/3        EV: 12    Int: 17    God:
Gold:   22         SH:  0    Dex: 14    Spells: 2 memorised, 2 levels left

rFire  . . .     SeeInvis +     j - +1 short sword (freeze)
rCold  . . .     Gourm    .     a - +0 robe
rNeg   + . .     Faith    .     (no shield)
rPois  .         Spirit   .     (no helmet)
rElec  .         Dismiss  .     (no cloak)
rCorr  .         Reflect  .     (no gloves)
SustAt .         Harm     .     (no boots)
MR     .....                    (no amulet)
Stlth  ++........               (no ring)
                                (no ring)

@: not resistant to hostile enchantments, unstealthy
A: fangs 3, see invisible, unbreathing
a: no special abilities


You were on level 2 of the Dungeon.
You were not thirsty.

You visited 1 branch of the dungeon, and saw 2 of its levels.

You collected 22 gold pieces.

Inventory:

Hand Weapons
 d - a +0 dagger
 j - a +1 short sword of freezing (weapon)
Armour
 a - a +0 robe (worn)
Scrolls
 h - a scroll of identify {unknown}
 k - a scroll of remove curse {unknown}
Potions
 c - 2 potions of blood
 e - a potion of heal wounds {unknown}
 g - a potion of invisibility {unknown}
 i - a potion of haste {unknown}
Books
 b - a book of Necromancy

   Spells                             Type                      Level
   a - Pain                           Necromancy                   1
   b - Animate Skeleton               Necromancy                   1
   c - Vampiric Draining              Necromancy                   3
   d - Regeneration                   Charms/Necromancy            3
   e - Animate Dead                   Necromancy                   4
   f - Control Undead                 Necromancy                   4


   Skills:
 + Level 0.6 Fighting
 - Level 2.1 Dodging
 - Level 3.0 Stealth
 + Level 2.0 Spellcasting
 * Level 4.5 Necromancy


You had 2 spell levels left.
You knew the following spells:

 Your Spells              Type           Power        Failure   Level  Hunger
a - Pain                  Necr           ###.         2%          1    #......
b - Animate Skeleton      Necr           N/A          2%          1    #......


Dungeon Overview and Level Annotations

Branches:
Dungeon (1/15)

Altars:

Annotations:
D:2 Natasha, Terence


Innate Abilities, Weirdness & Mutations

You have razor-sharp teeth.
You have supernaturally acute eyesight. (SInv)
You can survive without breathing.


Message History

t - Shout!
Orders for allies: a - Attack new target. p - Attack previous target. r - Retreat! s - Stop attacking. w - Wait here. f - Follow me.
Anything else - Stay silent.
Gang up on whom?
Press: ? - help, Dir - move target cursor, f/p - Natasha
Aim: Natasha (heavily wounded) Attack!
Natasha mumbles some strange words.
Terence shouts, "Get ready for death!"; Terence screams, "I want your blood!"
Something hits your giant newt skeleton.
Something freezes your giant newt skeleton.
Your giant newt skeleton completely resists.
As you read the scroll labeled YSUIMNUNUT, it crumbles to dust.
It is a scroll of recharging.
You aren't carrying any rechargeable items.
Your giant newt skeleton closely misses Natasha.
Terence hits you with a mace of holy wrath.
You die...

#.#.# #.# ..#.#
#.# #..#.# #%#
...#.# #Z#
....#.######.#
....... ...#.#
.#...######.#.#
..........#
######@###
##+###.(h@.#
......Z.####
........#
........#
........#
........#
..?$....#
........#


You could see Terence, Natasha and a friendly giant newt skeleton.

Vanquished Creatures
  A goblin (D:1)
  A kobold (D:2)
  2 bats
  A giant newt (D:2)
  A rat (D:2)
6 creatures vanquished.

Vanquished Creatures (collateral kills)
  A kobold (D:2)
1 creature vanquished.

Grand Total: 7 creatures vanquished

Notes
Turn   | Place    | Note
--------------------------------------------------------------
     0 | D:1      | Folque01 the Vampire Necromancer began the quest for the Orb.
     0 | D:1      | Reached XP level 1. HP: 13/13 MP: 3/3
    51 | D:1      | Learned a level 1 spell: Animate Skeleton
    72 | D:1      | You fall through a shaft!
   222 | D:2      | Noticed Terence
   225 | D:2      | Noticed Natasha
   232 | D:2      | Slain by Terence

Vault maps used:
D:1:      nicolae_arrival_washed_ashore
D:2:      uniq_natasha, uniq_crazy_yiuf_cottage, uniq_terence

Action                   || total
-------------------------++-------
Melee: Unarmed           ||    12
       Dagger            ||     4
       Short sword       ||     4
       Bite              ||     1
 Cast: Animate Skeleton  ||     3
       Pain              ||     2
  Use: Scroll            ||     1
 Stab: Sleeping          ||     1
Armor: Robe              ||     5
Dodge: Dodged            ||     9
